 Dungeon Crawl Stone Soup version 0.31-a0-1101-g9ad1905e61 (webtiles) character file.

Game seed: 12023314820028178574

135328 gruber the Tortoise (level 16, -7/125 HPs)
             Began as a Minotaur Hunter on Dec 1, 2023.
             Was the Champion of Hepliaklqana.
             Mangled by a lindwurm simulacrum (22 damage)
             ... in an ice cave.
             The game lasted 00:44:49 (23951 turns).

gruber the Tortoise (Minotaur Hunter)              Turns: 23951, Time: 00:44:49

Health: -7/125     AC: 20    Str: 16    XL:     16   Next: 64%
Magic:  26/26      EV: 26    Int:  6    God:    Hepliaklqana [******]
Gold:   1951       SH:  0    Dex: 22    Spells: 15/15 levels left

rFire   . . .        L - +2 orcbow (flame)
rCold   . . .        (shield currently unavailable)
rNeg    . . .        D - +0 swamp dragon scales
rPois   +            (helmet restricted)
rElec   .            Z - +1 cloak
rCorr   .            p - +1 Delatra's gloves {ID++}
SInv    .            m - +0 pair of boots
Will    ++...        s - amulet of regeneration
Stlth   +            G - +5 ring of evasion
HPRegen 1.20/turn    u - ring of willpower
MPRegen 0.20/turn

%: no passive effects
@: no status effects
A: reduced essence, horns 2, retaliatory headbutt
a: Renounce Religion, Recall Ancestor, Ancestor Identity, Transference, Idealise


You were in an ice cave.
You worshipped Hepliaklqana.
Hepliaklqana was exalted by your worship.
You visited 5 branches of the dungeon, and saw 25 of its levels.
You also visited: Bailey, Ice Cave and Volcano.

You collected 2445 gold pieces.
You spent 494 gold pieces at shops.

Inventory:

Hand Weapons
 L - a +2 orcbow of flaming (weapon)
Missiles
 x - 2 throwing nets
Armour
 m - a +0 pair of boots (worn)
 p - the +1 Delatra's gloves (worn) {ID++}
   (You found it on level 3 of the Dungeon)

   ID++:      It heals its wearer when they drink unknown potions, and restores
   their MP when they read unknown scrolls.
 D - +0 swamp dragon scales (worn)
 Y - +0 fire dragon scales
 Z - a +1 cloak (worn)
Jewellery
 s - an amulet of regeneration (around neck)
 u - a ring of willpower (right hand)
 w - a ring of flight
 G - a +5 ring of evasion (left hand)
 W - a ring of resist corrosion
Wands
 a - a wand of paralysis (10)
 j - a wand of polymorph (9)
 K - a wand of flame (29)
 O - a wand of iceblast (7)
 P - a wand of mindburst (13)
 R - a wand of digging (6)
Scrolls
 b - a scroll of butterflies
 c - 3 scrolls of silence {unknown}
 h - 3 scrolls of enchant weapon {unknown}
 i - 6 scrolls of revelation {unknown}
 k - 2 scrolls of torment {unknown}
 o - 5 scrolls of amnesia {unknown}
 q - 11 scrolls of teleportation
 v - a scroll of noise {unknown}
 y - 7 scrolls of immolation
 A - 8 scrolls of fog {unknown}
 B - 2 scrolls of poison {unknown}
 E - 2 scrolls of vulnerability {unknown}
 I - a scroll of brand weapon {unknown}
 N - 6 scrolls of blinking {unknown}
 Q - a scroll of identify
 S - a scroll of enchant armour {unknown}
 V - 8 scrolls of fear {unknown}
 X - a scroll of acquirement {unknown}
Potions
 d - 5 potions of brilliance
 e - a potion of resistance
 f - a potion of cancellation
 g - 9 potions of curing
 l - 4 potions of lignification
 n - a potion of might
 r - 2 potions of ambrosia
 t - 2 potions of berserk rage
 z - 5 potions of enlightenment
 C - a potion of magic
 F - 9 potions of mutation {unknown}
 H - a potion of experience {unknown}
 J - 5 potions of haste {unknown}
 M - 10 potions of heal wounds {unknown}
 T - 4 potions of invisibility {unknown}
 U - 2 potions of attraction {unknown}


   Skills:
 - Level 12.3 Fighting
 - Level 17.1 Ranged Weapons
 * Level 17.8 Armour
 - Level 14.5 Dodging
 - Level 0.7 Stealth
 - Level 15.0 Invocations


You had 15 spell levels left.
You didn't know any spells.
Your spell library contained the following spells:

 Spells                   Type           Power      Damage    Failure   Level
 Apportation              Tloc           0%         N/A       58%         1
 Necrotise                Necr           0%         1d4       58%         1
 Shock                    Conj/Air       0%         1d3       58%         1
 Summon Small Mammal      Summ           0%         N/A       58%         1
 Blink                    Tloc           0%         N/A       73%         2
 Cigotuvi's Dreadful Rot  Necr/Pois/Air  0%         N/A       73%         2
 Ensorcelled Hibernation  Hex/Ice        0%         N/A       73%         2
 Jinxbite                 Hex            0%         N/A       73%         2
 Passwall                 Tmut/Erth      0%         N/A       73%         2
 Ignite Poison            Fire/Tmut/Pois 0%         N/A       91%         3
 Mephitic Cloud           Conj/Pois/Air  0%         N/A       91%         3
 Swiftness                Air            0%         N/A       91%         3
 Tukima's Dance           Hex            0%         N/A       91%         3
 Vampiric Draining        Necr           0%         2d6       91%         3
 Volatile Blastmotes      Fire/Tloc      0%         2d10      91%         3
 Anguish                  Hex/Necr       0%         N/A       100%        4
 Fulminant Prism          Conj/Hex       0%         3d5       100%        4
 Iskenderun's Mystic Bla  Conj/Tloc      0%         2d3       100%        4
 Manifold Assault         Tloc           0%         N/A       100%        4
 Olgreb's Toxic Radiance  Pois           0%         N/A       100%        4
 Passage of Golubria      Tloc           0%         N/A       100%        4
 Vhi's Electric Charge    Tloc/Air       0%         N/A       100%        4
 Agony                    Necr           0%         N/A       100%        5
 Alistair's Intoxication  Tmut/Pois      0%         N/A       100%        5
 Arcjolt                  Conj/Air       0%         1d10      100%        5
 Borgnjor's Vile Clutch   Necr/Erth      0%         N/A       100%        5
 Freezing Cloud           Conj/Ice/Air   0%         6-21      100%        5
 Yara's Violent Unravell  Hex/Tmut       0%         3d3       100%        5
 Conjure Ball Lightning   Conj/Air       0%         3x3d6     100%        6
 Eringya's Noxious Bog    Tmut/Pois      0%         4d6       100%        6
 Haunt                    Necr/Summ      0%         N/A       100%        7
 Borgnjor's Revivificati  Necr           0%         N/A       100%        8
 Maxwell's Capacitive Co  Air            0%         ∞         100%        8
 Chain Lightning          Conj/Air       0%         N/A       100%        9
 Death's Door             Necr           0%         N/A       100%        9
 Fire Storm               Conj/Fire      0%         5d1       100%        9
 Shatter                  Erth           0%         3d5*      100%        9


Dungeon Overview and Level Annotations

Branches:
Dungeon (15/15)            Temple (1/1) D:6            Lair (5/5) D:10
  Swamp (0/4) Lair:3        Snake (2/4) Lair:2        Slime (0/5) Lair:5
    Orc (2/2) D:10            Elf (0/3) Orc:2        Vaults (0/5) D:13
 Depths (0/4) D:15         Bailey (visited)           IceCv (1/1)
Volcano (visited)

Altars:
Ashenzari
Cheibriados
Dithmenos
Elyvilon
Fedhas
Gozag
Hepliaklqana
Kikubaaqudgha
Makhleb
Nemelex Xobeh
Okawaru
Qazlal
Ru
Sif Muna
Trog
Uskayaw
Vehumet
Wu Jian
Xom
Yredelemnul
Zin
The Shining One
Jiyva

Shops:
Orc:1 **   Orc:2 !=([

Annotations:
D:7 3 runed translucent doors, Flugslaktarn's ghost, novice OpSh
D:12 2 transporters, Zimawyzi's ghost, journeyman HuAr
Lair:1 1 runed translucent door, PanSaczeczos's ghost, journeyman SpVM
Lair:4 2 transporters, Urontig's ghost, journeyman AtMo


Innate Abilities, Weirdness & Mutations

Your life essence is reduced to manifest your ancestor. (-10% HP)
You have a pair of horns on your head.
You reflexively headbutt those who attack you in melee.


Message History

The arrow melts the dire elephant simulacrum.
The dire elephant simulacrum vaporises!
You shoot an arrow. The arrow hits the ettin simulacrum.
The arrow melts the ettin simulacrum.
The ettin simulacrum is lightly damaged.
Unknown command.
You shoot an arrow. The arrow hits the ettin simulacrum.
The arrow melts the ettin simulacrum.
The ettin simulacrum is moderately damaged.
The ettin simulacrum hits you! The ettin simulacrum freezes you!
The ettin simulacrum hits you but does no damage.
Unknown command.
You shoot an arrow. The arrow hits the ettin simulacrum!
The arrow melts the ettin simulacrum.
The ettin simulacrum is almost destroyed.
The ettin simulacrum hits you! The ettin simulacrum freezes you!!
The ettin simulacrum closely misses you.
You shoot an arrow. The arrow hits the ettin simulacrum!
The arrow melts the ettin simulacrum.
The ettin simulacrum vaporises!
The seven-headed hydra simulacrum misses you.
You furiously retaliate!
You headbutt the seven-headed hydra simulacrum!
The seven-headed hydra simulacrum bites you.
The seven-headed hydra simulacrum freezes you!!
The seven-headed hydra simulacrum closely misses you.
The seven-headed hydra simulacrum bites you!
* * * LOW HITPOINT WARNING * * *
The seven-headed hydra simulacrum freezes you!
* * * LOW HITPOINT WARNING * * *
The seven-headed hydra simulacrum bites you but does no damage.
The seven-headed hydra simulacrum completely misses you.
The seven-headed hydra simulacrum bites you but does no damage.
Unknown command.
Unknown command.
The lindwurm simulacrum completely misses you.
The lindwurm simulacrum claws you.
* * * LOW HITPOINT WARNING * * *
The lindwurm simulacrum freezes you!!
You die...

... ##.##
##...##
##.....##
#...∩...#
#.......#
#.......#
#...Z...#
#...Z@..#
#########


You could see a seven-headed hydra simulacrum and a lindwurm simulacrum.

Vanquished Creatures
  Rupert (Lair:4)
  Gastronok (D:11)
  Aizul (Snake:2)
  3 orc warlords
  A stone giant (D:15)
  Azrael (D:15)
  An ettin (Orc:1)
  A dire elephant (Lair:5)
  10 hydras
  4 anacondas
  3 centaur warriors
  A death knight (D:14)
  A boulder beetle (D:13)
  6 two-headed ogres
  2 tengu warriors
  A naga sharpshooter (Snake:2)
  A death yak (Lair:5)
  2 shock serpents
  2 naga warriors (Snake:1)
  A skyshark (Lair:2)
  3 naga ritualists
  A phantasmal warrior (D:13)
  5 mana vipers
  An ugly thing (D:11)
  A cyclops (D:15)
  An oklob plant (Lair:4)
  3 orc knights
  5 manticores
  A wolf spider (D:15)
  5 orc sorcerers (Orc:2)
  A salamander (Snake:1)
  24 black mambas
  5 elephants (Lair:5)
  2 kobold blastminers
  5 naga magi (Snake:1)
  12 cane toads
  A gargoyle (Volcano)
  An orange demon (Lair:2)
  A molten gargoyle (Volcano)
  Maggie (D:6)
  A rime drake (shapeshifter) (D:15)
  An unseen horror (shapeshifter) (D:13)
  A rime drake (Lair:2)
  4 komodo dragons
  2 kobold demonologists
  An efreet (D:14)
  A tengu conjurer (D:13)
  An anaconda simulacrum (IceCv)
  11 trolls
  19 blink frogs
  A raiju (shapeshifter) (D:15)
  13 polar bears
  A raiju (Lair:5)
  8 dream sheep (Lair:5)
  13 slime creatures
  A vampire (D:13)
  44 yaks
  5 wraiths
  3 fire elementals (D:15)
  6 wyverns
  A dire elephant simulacrum (IceCv)
  5 basilisks
  A steam dragon (D:7)
  12 vampire mosquitoes
  2 harpy simulacra (IceCv)
  5 wargs
  11 nagas
  Edmund (D:5)
  12 water moccasins
  12 hell hounds
  40 orc warriors
  2 ice beasts
  15 black bears
  2 ettin simulacra (IceCv)
  14 wolves
  21 centaurs
  15 ogres
  2 phantoms
  2 kobold brigands
  17 bullfrogs
  A gnoll sergeant (D:9)
  A scorpion (D:6)
  5 wights
  12 killer bees
  3 howler monkeys
  2 lava snakes (D:8)
  29 orc priests
  A jelly (D:4)
  3 hounds (D:5)
  A sleepcap (D:4)
  4 iguanas
  14 orc wizards
  Natasha (thrice) (D:2)
  7 hell rats (Lair:1)
  3 adders
  10 gnolls
  11 river rats (Lair:1)
  2 shadow imps
  2 ufetubi (D:3)
  6 worms
  A dart slug (D:5)
  110 orcs
  6 bats
  3 endoplasms
  7 goblins
  3 hobgoblins (D:2)
  6 jackals
  10 kobolds
  12 quokkas
  8 ball pythons
  3 frilled lizards
  14 rats
755 creatures vanquished.

Vanquished Creatures (collateral kills)
  Snorg (Lair:4)
  2 hydras
  An anaconda (Snake:1)
  A catoblepas (Lair:5)
  4 two-headed ogres
  A boulder beetle (D:14)
  3 centaur warriors
  2 death yaks (Lair:5)
  2 tengu warriors
  4 orc high priests (Orc:2)
  Amaemon (Lair:2)
  A sixfirhy (D:10)
  A naga ritualist (Snake:1)
  2 orc knights
  A lindwurm (D:13)
  2 mana vipers (Snake:1)
  A cyclops (D:12)
  2 ugly things
  A kobold blastminer (Orc:2)
  3 elephants
  An ice statue (Snake:2)
  10 black mambas
  A gargoyle (Volcano)
  A rime drake (Lair:2)
  4 cane toads
  2 komodo dragons
  3 trolls
  2 polar bears
  A raiju (Lair:5)
  5 dream sheep (Lair:5)
  4 blink frogs
  A hornet (D:10)
  4 slime creatures
  A basilisk (Lair:2)
  3 fire elementals
  12 yaks
  2 vampire mosquitoes
  2 wargs (Lair:5)
  A naga (shapeshifter) (D:15)
  3 nagas (Snake:1)
  7 hell hounds
  4 black bears
  2 water moccasins
  2 ogres (Orc:2)
  10 orc warriors
  5 wolves
  A centaur (D:13)
  6 bullfrogs
  3 killer bees
  6 orc priests
  7 orc wizards
  2 gnolls (D:9)
  A river rat (Lair:1)
  15 orcs
  A rat (Lair:1)
171 creatures vanquished.

Vanquished Creatures (others)
  36 hexers
  An orc wizard (Orc:2)
  4 ancestors
  2 orcs
43 creatures vanquished.

Grand Total: 969 creatures vanquished

Notes
Turn   | Place    | Note
-------+----------+-------------------------------------------
     0 | D:1      | gruber the Minotaur Hunter began the quest for the Orb.
     0 | D:1      | Reached XP level 1. HP: 18/18 MP: 0/0
    33 | D:1      | You fall into a shaft and drop 1 floor!
    84 | D:2      | Found a basalt altar of Yredelemnul.
   138 | D:2      | Noticed Natasha
   139 | D:2      | Reached XP level 2. HP: 25/25 MP: 1/1
   150 | D:2      | Reached skill level 5 in Ranged Weapons
   184 | D:2      | Killed Natasha
   185 | D:2      | Reached XP level 3. HP: 26/30 MP: 2/2
  1357 | D:2      | Reached XP level 4. HP: 37/37 MP: 3/3
  1375 | D:2      | Noticed Natasha
  1388 | D:2      | Killed Natasha
  1507 | D:2      | Noticed Natasha
  1515 | D:2      | Killed Natasha
  1915 | D:3      | Reached XP level 5. HP: 42/42 MP: 4/4
  2230 | D:3      | Found the +1 Delatra's gloves {ID++}
  2358 | D:3      | Found an ancient bone altar of Kikubaaqudgha.
  2536 | D:4      | Noticed an ogre
  2545 | D:4      | Killed an ogre
  2563 | D:4      | Reached XP level 6. HP: 50/50 MP: 5/5
  3073 | D:4      | Reached XP level 7. HP: 52/57 MP: 6/6
  3314 | D:5      | Entered Level 5 of the Dungeon
  3494 | D:5      | Reached skill level 5 in Fighting
  3654 | D:5      | Noticed Edmund
  3670 | D:5      | Killed Edmund
  3671 | D:5      | Reached XP level 8. HP: 23/71 MP: 7/7
  3722 | D:5      | Identified the +4 quarterstaff "Pef Onaf" {distort, Dex+2}
  4055 | D:5      | Found a shadowy altar of Dithmenos.
  4355 | D:6      | Reached skill level 5 in Dodging
  4426 | D:6      | Noticed Maggie
  4446 | D:6      | Killed Maggie
  4447 | D:6      | Reached XP level 9. HP: 51/82 MP: 8/8
  4507 | D:6      | Reached skill level 1 in Armour
  4675 | D:6      | Found a staircase to the Ecumenical Temple.
  4700 | Temple   | Entered the Ecumenical Temple
  4721 | Temple   | Became a worshipper of Hepliaklqana the Forgotten
  5025 | D:6      | Reached skill level 5 in Armour
  5619 | D:7      | Found a glowing golden altar of the Shining One.
  5641 | D:7      | Found a sparkling altar of Nemelex Xobeh.
  5891 | D:7      | Found a white marble altar of Elyvilon.
  5961 | D:7      | Found a runed translucent gate.
  5961 | D:7      | Found a runed translucent gate.
  5961 | D:7      | Found a runed translucent gate.
  5962 | D:7      | Reached * piety under Hepliaklqana
  5962 | D:7      | Noticed Flugslaktarn's ghost (novice OpSh)
  6053 | D:8      | Noticed a two-headed ogre
  6061 | D:8      | Killed a two-headed ogre
  6062 | D:8      | Reached skill level 10 in Armour
  6062 | D:8      | Reached XP level 10. HP: 81/81 MP: 9/9
  6186 | D:8      | Found a broken altar of Ashenzari.
  6272 | D:8      | Found a blossoming altar of Fedhas.
  6276 | D:8      | Got the Lectures on Turbulent Toxicity
  6415 | D:8      | Identified the +2 robe of Keva {rC++ rN++ Will-}
  6596 | D:9      | Reached skill level 10 in Ranged Weapons
  7087 | D:9      | Found a radiant altar of Vehumet.
  7231 | D:9      | Reached ** piety under Hepliaklqana
  7565 | D:10     | Entered Level 10 of the Dungeon
  7610 | D:10     | Found a snail-covered altar of Cheibriados.
  7625 | D:10     | Reached skill level 1 in Invocations
  7720 | D:10     | Reached XP level 11. HP: 82/85 MP: 12/12
  7813 | D:10     | Found a flagged portal.
  7874 | Bailey   | Entered a bailey
  7936 | Bailey   | Remembered your ancestor Izel as a hexer
  8097 | Bailey   | Noticed an orc knight
  8129 | Bailey   | Killed an orc knight
  8130 | Bailey   | Reached skill level 5 in Invocations
  8173 | Bailey   | Noticed an orc knight
  8215 | Bailey   | Noticed an orc knight
  8393 | D:10     | Noticed a two-headed ogre
  8398 | D:10     | Killed a two-headed ogre
  8410 | D:10     | Found a basalt altar of Yredelemnul.
  8417 | D:10     | Noticed a two-headed ogre
  8423 | D:10     | Killed a two-headed ogre
  8432 | D:10     | Found a staircase to the Lair.
  8433 | D:10     | Found a staircase to the Orcish Mines.
  8528 | D:10     | Found a runed translucent door.
  8528 | D:10     | Noticed a sixfirhy
  8813 | D:10     | Killed a sixfirhy
  8872 | D:11     | Noticed Gastronok
  8897 | D:11     | Killed Gastronok
  9043 | D:11     | Noticed a two-headed ogre
  9059 | D:11     | Killed a two-headed ogre
  9109 | D:11     | Found an iron altar of Okawaru.
  9279 | D:11     | Noticed a two-headed ogre
  9280 | D:11     | Noticed a green ugly thing
  9290 | D:11     | Killed a two-headed ogre
  9291 | D:11     | Reached skill level 10 in Invocations
  9304 | D:11     | Killed a green ugly thing
  9515 | D:11     | Reached *** piety under Hepliaklqana
  9607 | D:11     | Noticed a two-headed ogre
  9613 | D:11     | Killed a two-headed ogre
  9614 | D:11     | Reached XP level 12. HP: 92/92 MP: 18/18
 10376 | D:12     | Found a transporter.
 10379 | D:12     | Noticed Zimawyzi's ghost (journeyman HuAr)
 10391 | D:12     | Found a transporter.
 10629 | Lair:1   | Entered Level 1 of the Lair of Beasts
 10779 | Lair:1   | Reached **** piety under Hepliaklqana
 10978 | Lair:1   | Found a runed translucent door.
 10979 | Lair:1   | Noticed PanSaczeczos's ghost (journeyman SpVM)
 10979 | Lair:1   | Noticed a death yak
 11101 | Lair:1   | Reached skill level 15 in Ranged Weapons
 11604 | Lair:2   | Noticed Amaemon
 11903 | Lair:2   | Reached XP level 13. HP: 97/97 MP: 19/19
 11969 | Lair:2   | Found a staircase to the Snake Pit.
 12581 | Lair:2   | Reached skill level 10 in Fighting
 12612 | Lair:2   | Killed Amaemon
 12739 | Lair:2   | Reached ***** piety under Hepliaklqana
 13462 | Lair:3   | Found a staircase to the Swamp.
 13801 | Lair:4   | Identified the maw talisman of Anouqaca {Will+ SInv}
 13801 | Lair:4   | Noticed Rupert
 13831 | Lair:4   | Killed Rupert
 13979 | Lair:4   | You fall into a shaft and drop 1 floor!
 13979 | Lair:5   | Entered Level 5 of the Lair of Beasts
 13984 | Lair:5   | Found a viscous altar of Jiyva.
 13984 | Lair:5   | Found a staircase to the Slime Pits.
 13996 | Lair:5   | Reached skill level 10 in Dodging
 14099 | Lair:5   | Reached XP level 14. HP: 113/113 MP: 20/20
 14725 | Lair:4   | Found a shimmering altar of Xom.
 14748 | Lair:4   | Noticed Snorg
 14762 | Lair:4   | Killed Snorg
 14854 | Lair:4   | Found a transporter.
 14855 | Lair:4   | Found a transporter.
 14857 | Lair:4   | Noticed Urontig's ghost (journeyman AtMo)
 16622 | Orc:1    | Entered Level 1 of the Orcish Mines
 16693 | Orc:1    | Found Qifu's Assorted Antiques.
 16716 | Orc:1    | Noticed an orc warlord
 16762 | D:10     | Killed an orc warlord
 16927 | Orc:1    | Reached XP level 15. HP: 118/118 MP: 23/23
 17000 | Orc:1    | Found Imaugg's General Store.
 17127 | Orc:1    | Found a dark tunnel.
 17135 | Volcano  | Entered a volcano
 17138 | Volcano  | Reached ****** piety under Hepliaklqana
 17320 | Volcano  | Found the +3 pair of mountain boots {steadfast, rC+}
 17546 | Orc:2    | Entered Level 2 of the Orcish Mines
 18318 | Orc:2    | Found Jelint's Antique Armour Boutique.
 18323 | Orc:2    | Bought an embroidered cloak for 202 gold pieces
 18340 | Orc:2    | Found Ullui's Weapon Shop.
 18382 | Orc:2    | Bought a +2 orcbow of flaming for 292 gold pieces
 18569 | Orc:2    | Found a staircase to the Elven Halls.
 19197 | Orc:2    | Found Kumuogel's Distillery.
 19255 | Orc:2    | Found Acirekk's Jewellery Emporium.
 19715 | D:13     | Reached skill level 15 in Invocations
 19814 | D:13     | Identified the +7 quarterstaff of the Special Cities
                  | {heavy, Int+2}
 20382 | D:13     | Found a gate to the Vaults.
 21476 | D:15     | Entered Level 15 of the Dungeon
 21716 | D:15     | Found a staircase to the Depths.
 21743 | D:15     | Reached XP level 16. HP: 105/125 MP: 26/26
 22161 | D:15     | Found a hide-covered altar of Uskayaw.
 22270 | D:15     | Noticed Azrael
 22294 | D:15     | Killed Azrael
 22516 | D:15     | Reached skill level 15 in Armour
 22778 | Snake:1  | Entered Level 1 of the Snake Pit
 23712 | Snake:2  | Identified the serpent talisman of Chimes {*Corrode rF+
                  | Int-2 Dex+6}
 23712 | Snake:2  | Noticed Aizul
 23729 | Snake:2  | Killed Aizul
 23876 | Snake:2  | Found a frozen archway.
 23927 | IceCv    | Entered an ice cave
 23951 | IceCv    | Mangled by a lindwurm simulacrum

Illustrated notes

Levels and vault maps discovered:
D:1:      dpeg_arrival_windows_large_door, layout_loops_corners
D:2:      layout_rooms, basic_altar, uniq_natasha
D:3:      layout_loops_cross, mainiacjoe_overflow_24_doors,
          pf_guarded_unrand_delatra
D:4:      layout_loops_ring, chequers_jeans
D:5:      minmay_chambers_of_threes, layout_gridville, lemuel_doored_altar,
          uniq_edmund
D:6:      layout_loops_corners, minmay_temple_entry_junction,
          minmay_misc_feat_iff, uniq_maggie
D:7:      layout_rooms, mainiacjoe_overflow_chevrons,
          nemelex_xobeh_ov_fountains_minmay, elyvilon_altar_4,
          gammafunk_ghost_necromancy
D:8:      layout_rooms, mainiacjoe_overflow_catch_the_wave
D:9:      layout_irregular_city, old_standard_altar,
          nicolae_kite_square_tiling_tiny
D:10:     cheibrodos_shockbox, layout_small_grid, cheibriados_altar_1,
          lemuel_round_altar, enter_bailey_8
D:11:     kennysheep_spiral_hall, layout_irregular_city,
          okawaru_metal_pillars_1_2, uniq_gastronok
D:12:     layout_cave_pools, gammafunk_ghost_stat_death
D:13:     layout_cave_pods, david_vaults_4, minmay_starry_boxes
D:14:     layout_loops_ring, minmay_strange_pillars
D:15:     grunt_enter_depths_snipers, layout_stronghold,
          minmay_misc_feat_ornament, amethyst_killhole,
          amcnicky_mini_rare_corridor_liquid, dancing_weapons_uskayaw,
          uniq_azrael
Temple:   hellmonk_temple_forest_ring
Lair:1:   lemuel_ratsnest, layout_regular_city, ebering_ghost_inner_flame,
          minivault_24, serial_bayou_shore_b, infiniplex_staircase_pool_2,
          grunt_megastairs_1
Lair:2:   nzn_winding_woodlands_three_and_one [nzn_winding_woodlands_5x15_cabin,
          nzn_winding_woodlands_5x15_concentric,
          nzn_winding_woodlands_5x15_pockets,
          nzn_winding_woodlands_center_lodge], layout_regular_city,
          dummy_snake_entry, serial_bayou_shore_b, lemuel_fruit_fields,
          grunt_megastairs_4, uniq_amaemon
Lair:3:   layout_regular_city, minmay_swamp_entry_reptiles, grunt_megastairs_3,
          lemuel_fruit_fields
Lair:4:   layout_cave_shapes, gammafunk_ghost_hive, basic_altar,
          chequers_serial_rivers_micro_d, uniq_rupert, uniq_snorg
Lair:5:   hangedman_lair_caniforms_friends, layout_big_grid,
          hangedman_lair_in_review, slime_entry_1, serial_bayou_shore_b
Snake:1:  layout_gridlike
Snake:2:  layout_rooms, portal_ice_cave_entry_ice_statue_one, uniq_aizul
Orc:1:    layout_caves, serial_shops, shop_statue, nicolae_shop_window_shopping,
          enter_volcano_3
Orc:2:    pubby_orc_utopia
IceCv:    ice_cave_statue_garden_chambered

Skill      XL: |  1  2  3  4  5  6  7  8  9 10 11 12 13 14 15 16 |
---------------+-------------------------------------------------+-----
Ranged Weapons | 5 6 7 8 9 12 16 17 | 17.1
Fighting       | 3 7 8 12 | 12.3
Dodging        | 7 10 14 | 14.5
Armour         | 10 11 14 17 | 17.8
Invocations    | 3 10 12 15 | 15.0
Stealth        | |  0.7

Action                     |  1- 3 |  4- 6 |  7- 9 | 10-12 | 13-15 | 16-18 || total
---------------------------+-------+-------+-------+-------+-------+-------++-------
  Melee: Unarmed           |       |    10 |       |       |       |       ||    10
         Shortbow          |       |     1 |     1 |       |       |       ||     2
   Fire: Shortbow          |    97 |   154 |   409 |       |       |       ||   660
         Orcbow            |       |       |    18 |  1050 |  2113 |   418 ||  3599
 Invoke: Recall Ancestor   |       |       |       |     1 |       |       ||     1
         Ancestor Life: He |       |       |       |     1 |       |       ||     1
  Evoke: Wand              |       |       |       |     8 |       |       ||     8
    Use: Potion            |       |       |     2 |     1 |       |     2 ||     5
         Scroll            |       |       |       |     2 |     8 |       ||    10
 Armour: Leather armour    |    29 |    74 |   185 |       |       |       ||   288
         Skin              |       |     7 |       |       |       |       ||     7
         Steam dragon scal |       |       |     5 |    23 |       |       ||    28
         Swamp dragon scal |       |       |       |   257 |   350 |    82 ||   689
         Fire dragon scale |       |       |       |       |     2 |       ||     2
  Dodge: Dodged            |    26 |    64 |   172 |   446 |   781 |   157 ||  1646

Table legend: (Time is in decaauts)
 A = Elapsed time spent in this place.
 B = Non-inter-level travel time spent in this place.
 C = Inter-level travel time spent in this place.
 D = Time resting spent in this place.
 E = Time spent auto-exploring this place.
 F = Levels seen in this place.
 G = Mean time per level.
                   A        B        C        D        E       F      G
               +--------+--------+--------+--------+--------+-----+--------+
         Total |  23349 |  22023 |   1326 |    660 |  15912 |  28 |  833.9 |
       Dungeon |  13269 |  12338 |    931 |    291 |   9600 |  15 |  884.6 |
        Temple |     30 |     21 |      9 |      0 |     11 |   1 |   30.0 |
          Lair |   5728 |   5454 |    274 |     17 |   3926 |   5 | 1145.6 |
     Snake Pit |   1072 |   1044 |     28 |     35 |    662 |   2 |  536.0 |
  Orcish Mines |   2588 |   2507 |     81 |    200 |   1546 |   2 | 1294.0 |
        Bailey |    375 |    375 |      0 |     99 |     74 |   1 |  375.0 |
      Ice Cave |     19 |     19 |      0 |      0 |      0 |   1 |   19.0 |
       Volcano |    265 |    265 |      0 |     18 |     92 |   1 |  265.0 |
               +--------+--------+--------+--------+--------+-----+--------+

Top non-repeatable levels by time:
   Orc:2: 1953 daAuts
  Lair:5: 1834 daAuts
  Lair:2: 1230 daAuts
    D:11: 1194 daAuts
    D:15: 1133 daAuts
     D:6: 1074 daAuts
     D:1: 1056 daAuts
    D:13: 1029 daAuts
     D:9: 1024 daAuts
     D:5: 995 daAuts
  Lair:1: 980 daAuts
    D:10: 953 daAuts
  Lair:4: 908 daAuts
     D:4: 812 daAuts
     D:3: 789 daAuts
